 Dungeon Crawl Stone Soup version 0.29.1-13-g9f3cf754e1 (webtiles) character file.

Game seed: 4589756491206360362

280 MacCMillion the Digger (level 6, -2/32 HPs)
             Began as a Gargoyle Earth Elementalist on Jan 23, 2023.
             Slain by Edmund
             ... wielding a +6 flail of protection
              (7 damage)
             ... on level 4 of the Dungeon.
             The game lasted 00:10:21 (4434 turns).

MacCMillion the Digger (GrEE)                       Turns: 4434, Time: 00:10:21

Health: -2/32      AC:  8    Str: 12    XL:     6   Next: 27%
Magic:  4/9        EV: 12    Int: 17    God:
Gold:   240        SH:  0    Dex: 10    Spells: 5/9 levels left

rFire   . . .      SeeInvis .   j - +0 sling
rCold   . . .      Faith    .   (no shield)
rNeg    + . .      Spirit   .   a - +0 robe
rPois   ∞          Reflect  .   n - +1 helmet
rElec   +          Harm     .   (no cloak)
rCorr   .          Rampage  .   (no gloves)
Will    .....                   (no boots)
Stlth   ++........              (no amulet)
HPRegen 0.10/turn               (no ring)
MPRegen 0.11/turn               (no ring)

@: about to teleport
A: sickness immunity, AC +4, negative energy resistance 1, electricity
resistance, torment resistance 1, petrification resistance
a: no special abilities


You were on level 4 of the Dungeon.
You visited 1 branch of the dungeon, and saw 5 of its levels.

You collected 240 gold pieces.

Inventory:

Hand Weapons
 j - a +0 sling (weapon)
 u - a +3 dagger
Missiles
 p - 3 poisoned darts
Armour
 a - a +0 robe (worn)
 n - a +1 helmet (worn)
Wands
 w - a wand of flame (8)
Scrolls
 c - a scroll of teleportation
 d - a scroll of brand weapon {unknown}
 g - 3 scrolls of butterflies
 h - a scroll of enchant weapon {unknown}
 l - a scroll of poison {unknown}
 m - a scroll of immolation {unknown}
 q - 2 scrolls of vulnerability
 t - a scroll of magic mapping {unknown}
 x - 2 scrolls of enchant armour
 y - a scroll of blinking {unknown}
Potions
 b - a potion of magic
 e - a potion of heal wounds
 f - a potion of brilliance
 i - a potion of ambrosia {unknown}
 k - 2 potions of haste
 o - 3 potions of attraction
 s - a potion of lignification {unknown}
 v - a potion of berserk rage {unknown}


   Skills:
 - Level 1.6 Dodging
 - Level 2.2 Stealth
 - Level 2.0 Spellcasting
 + Level 3.9 Conjurations
 - Level 0.8 Transmutations
 + Level 6.6 Earth Magic


You had 5 spell levels left.
You knew the following spells:

 Your Spells              Type           Power      Damage    Failure   Level
a - Sandblast             Erth           48%        2d12      1%          1
b - Stone Arrow           Conj/Erth      38%        3d9       7%          3

Your spell library contained the following spells:

 Spells                   Type           Power      Damage    Failure   Level
 Passwall                 Tmut/Erth      11%        N/A       6%          2
 Ensorcelled Hibernation  Hex/Ice        2%         N/A       28%         2
 Petrify                  Tmut/Erth      14%        N/A       38%         4
 Confusing Touch          Hex            1%         N/A       50%         3
 Swiftness                Air            1%         N/A       50%         3
 Yara's Violent Unravell  Hex/Tmut       1%         3d3       99%         5
 Enfeeble                 Hex            0%         N/A       100%        7


Dungeon Overview and Level Annotations

Branches:
Dungeon (5/15)
 Temple: D:4-7

Altars:
Nemelex Xobeh
Qazlal

Annotations:
D:3 1 runed translucent door, Crazy Yiuf, Sigmund
D:4 Edmund


Innate Abilities, Weirdness & Mutations

You are immune to sickness and miasma.
Your stone body is resilient. (AC +4)
You are immune to poison.
You resist negative energy. (rN+)
You are resistant to electric shocks. (rElec)
You are resistant to unholy torment.
You are immune to petrification.


Message History

Level annotation: 1 runed translucent door, Crazy Yiuf, Sigmund
There is a stone staircase leading down here.
You start waiting.
Done waiting.
There is a stone staircase leading down here.
You climb downwards.
Level annotation: Edmund
There is a stone staircase leading up here.
There is an open door here.
Things that are here:
a +0 leather armour; a +0 hand axe
Casting: Sandblast (safe; 1% risk of failure)
Confirm with . or Enter, or press ? or * to list all spells.
You can't see any susceptible monsters within range! (Use Z to cast anyway.)
You shoot a sling bullet.
The sling bullet hits Edmund but does no damage.
Casting: Sandblast (safe; 1% risk of failure)
Confirm with . or Enter, or press ? or * to list all spells.
The spell is quite dangerous to miscast (7% risk of failure)!
Continue anyway?
Okay, then.
The blast of sand misses Edmund.
The blast of sand misses Edmund.
The blast of sand hits Edmund.
Edmund is lightly wounded.
Edmund barely misses you.
The blast of sand hits Edmund but does no damage.
Edmund is lightly wounded.
Edmund hits you with a +6 flail of protection.
Edmund hits you with a +6 flail of protection!
The blast of sand hits Edmund.
Edmund is lightly wounded.
Edmund hits you with a +6 flail of protection!
You are too injured to fight recklessly!
As you read the scroll of teleportation, it crumbles to dust.
You feel strangely unstable.
Edmund hits you with a +6 flail of protection!
* * * LOW HITPOINT WARNING * * *
Edmund attacks as you move away!
Edmund hits you with a +6 flail of protection!
You die...

.>.................#....#....####
.........[.........#....#....##..
#..##.####..##.[[..#...##'#####..
#..#######..##.....#..>##....##..
.............'.....#....')...####
.............#....##...##....##..
......##....##....##...##.....'..
#.....##....##....#.....'.....#..
########....##..@.##(..##....##..
.......#....##..@.##...##########
.......'.....#.....#...#
......#####'##.....#<..#
#.....##....##.....#..<#
#.....##....##....##...#
......#.....##....##...#
......'.........^..'...#
......#............#...####+##


You could see Edmund.

Vanquished Creatures
  A jelly (D:4)
  An iguana (D:5)
  Natasha (thrice) (D:2)
  Terence (D:3)
  5 adders
  An ufetubus (D:4)
  7 orcs
  12 endoplasms
  2 giant cockroaches
  4 goblins
  3 hobgoblins
  9 jackals
  2 kobolds
  2 quokkas
  6 ball pythons
  5 bats (D:1)
  A frilled lizard (D:2)
  7 rats
72 creatures vanquished.

Vanquished Creatures (others)
  7 fungi
7 creatures vanquished.

Grand Total: 79 creatures vanquished

Notes
Turn   | Place    | Note
-------+----------+-------------------------------------------
     0 | D:1      | MacCMillion the Gargoyle Earth Elementalist began the quest
                  | for the Orb.
     0 | D:1      | Reached XP level 1. HP: 10/10 MP: 3/3
   401 | D:1      | Reached skill level 4 in Earth Magic
   401 | D:1      | Reached XP level 2. HP: 15/15 MP: 3/5
   518 | D:1      | Found a faded altar of an unknown god.
   929 | D:2      | Reached XP level 3. HP: 19/19 MP: 4/6
   933 | D:2      | Learned a level 3 spell: Stone Arrow
  1134 | D:2      | Noticed Natasha
  1136 | D:2      | Killed Natasha
  1137 | D:2      | Reached skill level 1 in Conjurations
  1137 | D:2      | Reached skill level 5 in Earth Magic
  1173 | D:2      | Noticed Natasha
  1180 | D:2      | Killed Natasha
  1181 | D:2      | Reached XP level 4. HP: 18/24 MP: 4/7
  1325 | D:2      | Noticed Natasha
  1332 | D:2      | Killed Natasha
  1527 | D:2      | Reached XP level 5. HP: 28/28 MP: 5/8
  2005 | D:3      | Noticed Terence
  2014 | D:3      | Killed Terence
  2120 | D:3      | Noticed Sigmund
  2268 | D:3      | Reached skill level 6 in Earth Magic
  2319 | D:3      | Found a runed translucent door.
  2413 | D:3      | Found a sparkling altar of Nemelex Xobeh.
  2684 | D:3      | Noticed Crazy Yiuf
  3249 | D:4      | Reached XP level 6. HP: 32/32 MP: 7/9
  4174 | D:4      | Found a stormy altar of Qazlal.
  4178 | D:4      | Noticed Edmund
  4226 | D:5      | Entered Level 5 of the Dungeon
  4227 | D:5      | Noticed an acid dragon
  4434 | D:4      | Slain by Edmund

Illustrated notes

Levels and vault maps discovered:
D:1:      lemuel_arrival_lava_pool, layout_loops_ring,
          shapermc_ecumenical_altar_acropolis
D:2:      layout_basic, dreamdust_mushroom_princess, uniq_natasha
D:3:      minmay_evil_eye, layout_rooms, mainiacjoe_overflow_alcove_4,
          uniq_sigmund, uniq_terence, uniq_crazy_yiuf_cottage
D:4:      layout_gridville, lemuel_round_altar,
          nicolae_qazlal_general_emergency, uniq_edmund, uniq_menkaure
D:5:      layout_cave_pools, trog_three_pillars_becter, tso_altar,
          minmay_temple_entry_trees

Skill      XL: |  1  2  3  4  5 |
---------------+----------------+-----
Earth Magic    | 4 5 6 |  6.6
Conjurations   | 2 3 |  3.9
Dodging        | |  1.6
Stealth        | |  2.2
Spellcasting   | |  2.0
Transmutations | |  0.8

Action                   |  1- 3 |  4- 6 || total
-------------------------+-------+-------++-------
 Fire: Sling             |    28 |    53 ||    81
 Cast: Sandblast         |    32 |    65 ||    97
  Use: Scroll            |       |     8 ||     8
Armor: Robe              |     1 |     3 ||     4
Dodge: Dodged            |    12 |    10 ||    22
